 Dungeon Sprint DCSS version 0.22-a0-430-g6609fc6 (webtiles) character file.

688 raistware the Unseen (level 7, -4/33 HPs)
             Began as a Spriggan Assassin on May 26, 2018.
             Was a Believer of Dithmenos.
             Slain by a catoblepas (15 damage)
             ... in the Dungeon (Sprint IX: "|||||||||||||||||||||||||||||").
             The game lasted 00:03:45 (758 turns).

raistware the Unseen (Spriggan Assassin)             Turns: 758, Time: 00:03:46

Health: -4/33      AC:  3    Str:  7    XL:     7   Next: 36%
Magic:  8/8        EV:  4    Int: 16    God:    Dithmenos [**....]
Gold:   0          SH:  0    Dex: 19    Spells: 6/6 levels left

rFire    . . .     SeeInvis +   r - +2 rapier (venom)
rCold    . . .     Gourm    .   (shield restricted)
rNeg     + + +     Faith    .   c - +0 robe
rPois    ∞         Spirit   .   (helmet restricted)
rElec    .         Reflect  .   d - +0 cloak
rCorr    .         Harm     .   (gloves unavailable)
MR       +....     NoTele   +   (boots unavailable)
Stlth    +++++++++.             (no amulet)
HPRegen  0.11/turn              t - +3 ring of intelligence
MPRegen  0.11/turn              u - +2 ring of evasion

@: petrified, wreathed by umbra, very quick
A: very small, unfitting armour, see invisible, herbivore, speed 3, slow
metabolism 2
a: Shadow Step, Renounce Religion


You were in the Dungeon.
You worshipped Dithmenos.
Dithmenos was pleased with you.
You were not hungry.

You visited 1 branch

Inventory:

Hand Weapons
 a - a +2 dagger
 b - a +0 blowgun
 r - a +2 rapier of venom (weapon)
 s - a +2 scimitar of holy wrath
Missiles
 e - 8 poisoned needles
 f - 2 curare-tipped needles
Armour
 c - a +0 robe (worn)
 d - a +0 cloak (worn)
Jewellery
 t - a +3 ring of intelligence (left hand)
 u - a +2 ring of evasion (right hand)
Wands
 q - a wand of acid (8)
Scrolls
 m - 2 scrolls of blinking
 o - 3 scrolls of remove curse
 p - 2 scrolls of amnesia
Potions
 h - 4 potions of curing
 i - 3 potions of heal wounds
 j - a potion of haste
 k - 4 potions of magic
 l - a potion of berserk rage
 n - a potion of invisibility
Comestibles
 g - a ration


   Skills:
 - Level 1.5 Fighting
 - Level 2.1 Short Blades
 + Level 5.6 Throwing
 + Level 7.6 Dodging
 + Level 20.3 Stealth


You had 6 spell levels left.
You didn't know any spells.
Your spell library was empty.

Dungeon Overview and Level Annotations

Branches:
Dungeon (1/1)

Altars:
Cheibriados
Dithmenos
Elyvilon
Fedhas
Gozag
Hepliaklqana
Kikubaaqudgha
Makhleb
Nemelex Xobeh
Okawaru
Qazlal
Ru
Sif Muna
Trog
Uskayaw
Vehumet
Wu Jian
Xom
Yredelemnul
Zin
The Shining One
Beogh
Jiyva
Lugonu


Innate Abilities, Weirdness & Mutations

You are very small and have problems with some larger weapons.
You are too small for most types of armour.
You have supernaturally acute eyesight. (SInv)
You are a herbivore.
You cover ground extremely quickly.
You need to consume almost no food.


Message History

The catoblepas misses you.
You hit the catoblepas but do no damage.
The catoblepas looks as sick as possible!
The catoblepas is moderately wounded.
The catoblepas breathes a plume of calcifying dust at you.
The blast of calcifying dust hits you!
The catoblepas breathes a plume of calcifying dust at you.
The blast of calcifying dust hits you!
You are engulfed in calcifying dust.
You are slowing down.
You are engulfed in calcifying dust.
You are engulfed in calcifying dust.
Your limbs have turned to stone.
You have turned to stone.
You are engulfed in calcifying dust. x2
The catoblepas gores you!!
The bullfrog is engulfed in calcifying dust.
The bullfrog is moving more slowly.
The catoblepas gores you. The catoblepas gores you!!
You die... ▓▓▓▓▓▓▓▓▓▓▓▓▓▓▓▓▓▓▓▓▓▓▓▓▓▓▓ .Za.ZahFTY@..'..[[[)|..'___ ▓▓▓▓▓▓▓▓▓▓▓▓▓▓▓▓▓▓▓▓▓▓▓▓▓▓▓

You could see a catoblepas, a troll (petrifying), a bullfrog (petrifying), a howler monkey, a worker ant and a leopard gecko skeleton.

Vanquished Creatures
  2 yaks (D)
  A wyvern (D)
  A sky beast (D)
  A scorpion (D)
  An orc priest (D)
  A gnoll shaman (D)
  A worker ant (D)
  A leopard gecko (D)
  An orc (D)
  A giant cockroach (D)
  A goblin (D)
  2 hobgoblins (D)
  A frilled lizard (D)
  A rat (D)
16 creatures vanquished.

Notes
Turn   | Place    | Note
-------+----------+-------------------------------------------
     0 | D        | raistware the Spriggan Assassin began the quest for the Orb.
     0 | D        | Reached XP level 1. HP: 10/10 MP: 2/2
     7 | D        | Reached skill level 6 in Stealth
     9 | D        | Reached skill level 7 in Stealth
    20 | D        | Reached skill level 8 in Stealth
   174 | D        | Noticed a worker ant
   174 | D        | Noticed an orc priest
   174 | D        | Noticed a gnoll shaman
   176 | D        | Killed a gnoll shaman
   176 | D        | Reached skill level 11 in Stealth
   176 | D        | Reached XP level 2. HP: 14/14 MP: 3/3
   176 | D        | Reached XP level 3. HP: 18/18 MP: 4/4
   178 | D        | Reached skill level 12 in Stealth
   182 | D        | Reached skill level 13 in Stealth
   182 | D        | Reached XP level 4. HP: 22/22 MP: 5/5
   188 | D        | Found a roughly hewn altar of Beogh.
   188 | D        | Found a snail-covered altar of Cheibriados.
   188 | D        | Found a shadowy altar of Dithmenos.
   188 | D        | Found a white marble altar of Elyvilon.
   188 | D        | Found a blossoming altar of Fedhas.
   188 | D        | Found an opulent altar of Gozag.
   189 | D        | Found a hazy altar of Hepliaklqana.
   190 | D        | Found a viscous altar of Jiyva.
   191 | D        | Found an ancient bone altar of Kikubaaqudgha.
   192 | D        | Found a corrupted altar of Lugonu.
   193 | D        | Became a worshipper of Dithmenos the Shadowed
   194 | D        | Found a burning altar of Makhleb.
   195 | D        | Found a sparkling altar of Nemelex Xobeh.
   196 | D        | Found an iron altar of Okawaru.
   197 | D        | Found a stormy altar of Qazlal.
   198 | D        | Found a sacrificial altar of Ru.
   199 | D        | Found a deep blue altar of Sif Muna.
   200 | D        | Found a bloodstained altar of Trog.
   201 | D        | Found a hide-covered altar of Uskayaw.
   202 | D        | Found a radiant altar of Vehumet.
   203 | D        | Found an ornate altar of the Wu Jian Council.
   204 | D        | Found a shimmering altar of Xom.
   205 | D        | Found a basalt altar of Yredelemnul.
   206 | D        | Found a glowing silver altar of Zin.
   207 | D        | Found a glowing golden altar of the Shining One.
   236 | D        | Noticed a yak
   236 | D        | Noticed a yak
   236 | D        | Noticed a sky beast
   236 | D        | Noticed a wyvern
   238 | D        | Killed a wyvern
   238 | D        | Reached skill level 17 in Stealth
   238 | D        | Reached XP level 5. HP: 2/25 MP: 6/6
   274 | D        | Killed a sky beast
   274 | D        | Reached * piety under Dithmenos
   274 | D        | Reached skill level 19 in Stealth
   274 | D        | Reached XP level 6. HP: 5/30 MP: 7/7
   297 | D        | Killed a yak
   297 | D        | Reached skill level 5 in Dodging
   543 | D        | Killed a yak
   543 | D        | Reached skill level 5 in Throwing
   543 | D        | Reached skill level 20 in Stealth
   543 | D        | Reached XP level 7. HP: 33/33 MP: 8/8
   568 | D        | Reached ** piety under Dithmenos
   740 | D        | Noticed a catoblepas
   740 | D        | Noticed a troll
   758 | D        | Slain by a catoblepas

Vault maps used:
D:        linesprint

Skill      XL: |  1  2  3  4  5  6 |
---------------+-------------------+-----
Stealth        | 11 13 17 19 20 | 20.3
Throwing       | 5 |  5.6
Dodging        | 7 |  7.6
Fighting       | |  1.5
Short Blades   | |  2.1

Action                   |  1- 3 |  4- 6 |  7- 9 || total
-------------------------+-------+-------+-------++-------
Melee: Dagger            |    19 |     3 |    15 ||    37
       Rapier            |       |       |    11 ||    11
 Fire: Blowgun           |       |    10 |       ||    10
Evoke: Wand              |       |     2 |       ||     2
  Use: Potion            |       |       |     1 ||     1
 Stab: Sleeping          |     4 |     1 |       ||     5
       Distracted        |       |     1 |       ||     1
Armor: Robe              |     2 |       |       ||     2
Dodge: Dodged            |     5 |     2 |    30 ||    37

Table legend:
 A = Spawn XP
 B = Non-spawn XP
 C = Spawn XP percentage of total XP
 D = Spawn monster count
 E = Non-spawn monster count
 F = Spawn count percentage of total count
 G = Total turns spent on level
                    A         B        C        D         E        F      G
               +---------+---------+-------+---------+---------+-------+---------
         Total |       0 |     984 |   0.0 |       0 |      16 |   0.0 |   758
               +---------+---------+-------+---------+---------+-------+---------
             D |       0 |     984 |   0.0 |       0 |      16 |   0.0 |   758
               +---------+---------+-------+---------+---------+-------+---------
